details: '1-8lol'

« prev index next »

General information

Mini Map

Players

team 1
Random» OrcRush[yyz] (teal | 104 APM | 1612 actions | 15:31)
Hero icon 3 Blademaster
Ability icon 2 Wind Walk
Ability icon 1 Critical Strike
Hero icon 2 Shadow Hunter
Ability icon 1 Hex
Ability icon 1 Healing Wave

» actions
Assign group hotkey44
Basic commands63
Build / train48
Enter build submenu11
Enter hero's abilities submenu5
Give item / drop item1
Remove unit from queue1
Right click762
Select / deselect140
Select group hotkey473
Use ability64
1612 total
» units
Peon7
Grunt6
Wind Rider12
25 total
» buildings
Altar of Storms1
Orc Burrow5
Barracks1
Voodoo Lounge1
Stronghold3
Beastiary2
War Mill1
Fortress1
15 total
» build order
00:08 Altar of Storms
00:13 Orc Burrow
00:37 Barracks
01:37 Orc Burrow
01:56 Voodoo Lounge
03:13 Stronghold
03:13 Stronghold
03:47 Orc Burrow
05:44 Beastiary
05:59 Beastiary
06:17 War Mill
07:20 Orc Burrow
09:16 Fortress
09:20 Orc Burrow
» items
Circlet of Nobility1
Dust of Appearance1
Healing Salve2
Lesser Clarity Potion2
Potion of Healing1
7 total
Orctimg4strok (yellow | 130 APM | 2011 actions | 15:29)
Hero icon 3 Blademaster
Ability icon 1 Wind Walk
Ability icon 2 Critical Strike
Hero icon 3 Shadow Hunter
Ability icon 2 Hex
Ability icon 1 Healing Wave

» actions
Assign group hotkey20
Basic commands81
Build / train50
Enter build submenu15
Enter hero's abilities submenu6
Give item / drop item4
Right click897
Select / deselect291
Select group hotkey546
Use ability101
2011 total
» units
Peon8
Grunt5
Raider4
Forest Troll Shadow Priest1
Spirit Walker4
22 total
» upgrades
Berserker Strength1
Ensnare1
Spirit Walker Training1
Reinforced Defenses1
4 total
» buildings
Altar of Storms2
Orc Burrow6
Barracks1
Stronghold2
Voodoo Lounge1
Beastiary1
Spirit Lodge2
Fortress4
War Mill1
20 total
» build order
00:08 Altar of Storms
00:19 Orc Burrow
00:38 Barracks
01:32 Orc Burrow
02:47 Stronghold
03:32 Orc Burrow
04:00 Voodoo Lounge
05:17 Beastiary
05:44 Spirit Lodge
06:43 Orc Burrow
08:59 Fortress
09:00 Fortress
10:55 War Mill
12:29 Altar of Storms
12:31 Orc Burrow
12:33 Orc Burrow
14:31 Spirit Lodge
» items
Circlet of Nobility1
Boots of Speed1
Lesser Clarity Potion3
Scroll of Town Portal1
Healing Salve2
Orb of Lightning1
9 total
team 2
Random» HumanHouston. (pink | 163 APM | 2531 actions | 15:32)
Hero icon 4 Archmage
Ability icon 2 Summon Water Elemental
Ability icon 2 Brilliance Aura
Hero icon 3 Mountain King
Ability icon 2 Storm Bolt
Ability icon 1 Bash

» actions
Assign group hotkey317
Basic commands6
Build / train55
ESC pressed4
Enter build submenu19
Enter hero's abilities submenu7
Right click1126
Select / deselect259
Select group hotkey639
Use ability99
2531 total
» units
Peasant8
Footman7
Sorceress8
Spell Breaker4
27 total
» upgrades
Defend1
Sorceress Training1
2 total
» buildings
Altar of Kings1
Farm7
Barracks1
Lumber Mill1
Scout Tower1
Keep3
Arcane Tower3
Arcane Sanctum2
Arcane Vault1
Blacksmith1
21 total
» build order
00:10 Altar of Kings
00:20 Farm
00:38 Barracks
01:02 Farm
01:52 Farm
02:02 Lumber Mill
02:54 Scout Tower
03:13 Keep
03:13 Keep
03:54 Arcane Tower
03:54 Arcane Tower
04:10 Farm
05:43 Arcane Sanctum
05:44 Arcane Sanctum
06:00 Farm
06:48 Farm
07:42 Arcane Vault
08:11 Farm
10:55 Blacksmith
» items
Boots of Speed1
Staff of Teleportation1
Dust of Appearance1
Potion of Lesser Invulnerability1
4 total
Random» NightElfWatson387 (orange | 119 APM | 1850 actions | 15:32)
Hero icon 3 Keeper of the Grove
Ability icon 2 Entangling Roots
Ability icon 1 Force of Nature
Hero icon 2 Firelord
Ability icon 1 Summon Lava Spawn
Ability icon 1 Soul Burn

» actions
Assign group hotkey87
Basic commands127
Build / train45
Enter build submenu15
Enter hero's abilities submenu6
Remove unit from queue4
Right click856
Select / deselect241
Select group hotkey407
Use ability62
1850 total
» units
Wisp13
Huntress3
Archer5
Dryad8
29 total
» upgrades
Ultravision1
1 total
» buildings
Altar of Elders1
Moon Well4
Hunter's Hall1
Ancient of War3
Tree of Ages1
Ancient of Lore2
Ancient Protector2
Tree of Life1
15 total
» build order
00:07 Altar of Elders
00:18 Moon Well
01:38 Hunter's Hall
01:42 Ancient of War
01:49 Moon Well
02:18 Ancient of War
02:32 Ancient of War
02:39 Moon Well
03:57 Moon Well
06:08 Tree of Ages
09:32 Ancient of Lore
11:00 Ancient Protector
11:01 Ancient Protector
11:46 Ancient of Lore
15:02 Tree of Life
» items
Dust of Appearance1
1 total